 Dungeon Crawl Stone Soup version 0.28.0 (webtiles) character file.

Game seed: 1164653889257406919

30 Erasure the Charlatan (level 3, 7/31 HPs)
             Began as a Deep Dwarf Artificer on Feb 4, 2022.
             Quit the game on level 2 of the Dungeon.
             The game lasted 00:06:04 (1406 turns).

Erasure the Charlatan (Deep Dwarf Artificer)        Turns: 1406, Time: 00:06:05

Health: 7/31       AC:  3    Str: 17    XL:     3   Next: 3%
Magic:  3/3        EV: 11    Int: 11    God:
Gold:   68         SH:  0    Dex: 13    Spells: 2/2 levels left

rFire   . . .      SeeInvis .   h - +0 flail (protect)
rCold   . . .      Faith    .   (no shield)
rNeg    . . .      Spirit   .   b - +0 leather armour
rPois   .          Reflect  .   (no helmet)
rElec   .          Harm     .   (no cloak)
rCorr   .          Rampage  .   (no gloves)
Will    .....                   (no boots)
Stlth   +.........              (no amulet)
HPRegen 0.00/turn               (no ring)
MPRegen 0.08/turn               (no ring)

@: no status effects
A: damage resistance, heal wounds, sense surroundings 1, no regeneration
a: Heal Wounds


You were on level 2 of the Dungeon.
You visited 1 branch of the dungeon, and saw 2 of its levels.

You collected 68 gold pieces.

Inventory:

Hand Weapons
 a - a +0 club
 f - a +0 spear
 h - a +0 flail of protection (weapon)
Missiles
 g - 36 arrows
Armour
 b - a +0 leather armour (worn)
Wands
 c - a wand of flame (15) (quivered)
 d - a wand of charming (15)
Scrolls
 l - a scroll of teleportation {unknown}
 m - a scroll of enchant armour {unknown}
Potions
 i - a potion of degeneration {unknown}
 j - a potion of ambrosia {unknown}
 k - a potion of flight {unknown}
Miscellaneous
 e - a piece from Xom's chessboard (15/15)


   Skills:
 + Level 1.1 Fighting
 + Level 1.2 Maces & Flails
 + Level 2.6 Armour
 + Level 1.2 Dodging
 + Level 1.4 Stealth
 + Level 4.6 Evocations


You had 2 spell levels left.
You didn't know any spells.
Your spell library contained the following spells:

 Spells                   Type           Power      Damage    Failure   Level
 Hailstorm                Conj/Ice       0%         3d3       99%         4
 Ice Form                 Ice/Tmut       0%         N/A       99%         4
 Simulacrum               Ice/Necr       0%         N/A       100%        6


Dungeon Overview and Level Annotations

Branches:
Dungeon (2/15)

Altars:


Innate Abilities, Weirdness & Mutations

You are resistant to damage.
You can heal yourself by infusing magical energy.
You passively map a small area around you.
You do not regenerate.


Message History

A rat comes into view.
The rat bites you.
* * * LOW HITPOINT WARNING * * *
You sock the rat!
Your weapon exudes an aura of protection.
You kill the rat!
A quokka comes into view.
A kobold comes into view. It is wielding a +0 dagger.
The kobold shouts!
A bat comes into view.
The bat moves out of view.
You see here 7 gold pieces.
You now have 68 gold pieces (gained 7).
You hit the kobold.
Your weapon exudes an aura of protection.
The kobold is severely wounded.
The kobold hits you but does no damage.
You completely miss the kobold.
The kobold is severely wounded.
The kobold barely misses you. x2
You hit the kobold.
You kill the kobold!
An endoplasm comes into view.
Things that are here:
a +0 dagger; a stone; a kobold corpse You sock the endoplasm!
You kill the endoplasm!
You have reached level 3!
Your experience leads to an increase in your attributes!
Increase (S)trength, (I)ntelligence, or (D)exterity?
You feel stronger. x2
An endoplasm comes into view.
The endoplasm quivers.
The endoplasm closely misses you.
You sock the endoplasm!
Your weapon exudes an aura of protection.
You kill the endoplasm!
m - a scroll labelled UKLITU EVISKO Unknown command.
Are you sure you want to abandon this character and quit the game? (Confirm with "yes".)

#...###.###.####..........# *
#...#,... #...............#
#.### ### ###.##..........#* ,
#.#,, * #..........#### ,
#.### * ###...#####..# * #...#
, #...#.#####..# #.##.#.###
###.###......#.###
#........#,#.................+
####.##..###.#@......##.#..###
*##.........#.#####....#..##
#<..........#+#########....###
#######.............# #.......
#...)†........# #.......
#.............# #...≈...
#.............# ##......
#.............# #....≈≈
#.............####....≈≈


There were no monsters in sight!

Vanquished Creatures
  A dart slug (D:1)
  5 endoplasms
  2 giant cockroaches
  A hobgoblin (D:2)
  4 kobolds
  A quokka (D:2)
  3 ball pythons (D:1)
  4 bats
  2 frilled lizards (D:1)
  3 rats
26 creatures vanquished.

Notes
Turn   | Place    | Note
-------+----------+-------------------------------------------
     0 | D:1      | Erasure the Deep Dwarf Artificer began the quest for the
                  | Orb.
     0 | D:1      | Reached XP level 1. HP: 16/16 MP: 1/1
    26 | D:1      | Reached skill level 1 in Fighting
   555 | D:1      | Reached XP level 2. HP: 14/25 MP: 2/2
  1322 | D:2      | Reached skill level 1 in Maces & Flails
  1369 | D:2      | Reached XP level 3. HP: 7/31 MP: 3/3
  1406 | D:2      | Quit the game

Illustrated notes

Levels and vault maps discovered:
D:1:      ebering_trefoil_3fold, layout_basic
D:2:      layout_basic, minmay_crystal_room, skrybe_limestone_x,
          minmay_quantized

Skill      XL: |  1  2 |
---------------+-------+-----
Fighting       | 1 |  1.1
Maces & Flails | 1 |  1.2
Armour         | |  2.6
Dodging        | |  1.2
Stealth        | |  1.4
Evocations     | |  4.6

Action                   || total
-------------------------++-------
Melee: Club              ||    13
       Flail             ||    51
       Punch             ||     1
  Use: Scroll            ||     1
 Stab: Sleeping          ||     1
Armor: Leather armour    ||    25
Dodge: Dodged            ||    55
